 Dungeon Crawl Stone Soup version 0.29.1-15-g9cfb28693d (webtiles) character file.

Game seed: 16729293332130181232

22 Heoruswealwe the Conjurer (level 2, 15/15 HPs)
             Began as a Deep Elf Conjurer on Mar 6, 2023.
             Was a Believer of Lugonu.
             Got out of the dungeon alive.
             The game lasted 00:04:57 (450 turns).

Heoruswealwe the Conjurer (Deep Elf Conjurer)        Turns: 450, Time: 00:04:58

Health: 15/15      AC:  2    Str:  4    XL:     2   Next: 68%
Magic:  8/8        EV: 12    Int: 22    God:    Lugonu [**....]
Gold:   61         SH:  0    Dex: 13    Spells: 7/8 levels left

rFire   . . .      SeeInvis .   f - +0 short sword
rCold   . . .      Faith    .   (no shield)
rNeg    . . .      Spirit   .   a - +0 robe
rPois   .          Reflect  .   (no helmet)
rElec   .          Harm     .   (no cloak)
rCorr   .          Rampage  .   (no gloves)
Will    .....                   (no boots)
Stlth   ++........              (no amulet)
HPRegen 0.05/turn               (no ring)
MPRegen 0.11/turn               (no ring)

@: no status effects
A: no striking features
a: Renounce Religion, Depart the Abyss, Bend Space


You escaped.
You worshipped Lugonu.
Lugonu was pleased with you.
You visited 1 branch of the dungeon, and saw 1 of its levels.

You collected 61 gold pieces.

Inventory:

Hand Weapons
 f - a +0 short sword (weapon)
Armour
 a - a +0 robe (worn)
Scrolls
 e - a scroll of identify {unknown}
Potions
 b - a potion of magic
 c - 2 potions of brilliance {unknown}


   Skills:
 - Level 2.4 Dodging
 - Level 2.4 Stealth
 + Level 3.9 Spellcasting
 + Level 4.9 Conjurations


You had 7 spell levels left.
You knew the following spells:

 Your Spells              Type           Power      Damage    Failure   Level
a - Magic Dart            Conj           100%       1d8       1%          1

Your spell library contained the following spells:

 Spells                   Type           Power      Damage    Failure   Level
 Searing Ray              Conj           50%        2d6       2%          2
 Dazzling Flash           Conj/Hex       30%        N/A       12%         3
 Fulminant Prism          Conj/Hex       7%         3d7       38%         4
 Iskenderun's Mystic Bla  Conj/Tloc      15%        2d5       38%         4


Dungeon Overview and Level Annotations

Branches:
Dungeon (1/15)

Altars:
Lugonu


Message History

The rat is severely wounded.
The rat bites you.
You are out of magic!
You hit the rat.
You kill the rat!
You see here a frilled lizard corpse.
The magic dart hits the hobgoblin.
You kill the hobgoblin!
You now have 47 gold pieces (gained 16).
Things that are here:
a +0 short sword; a kobold corpse You see here a +0 robe.
You start removing your armour.
You continue taking off your +0 robe. x4
You finish taking off your +0 robe.
You start putting on your armour.
You continue putting on your +0 robe. x5
You finish putting on your +0 robe.
You start removing your armour.
You continue taking off your +0 robe. x4
You finish taking off your +0 robe.
You start putting on your armour.
You continue putting on your +0 robe. x5
You finish putting on your +0 robe.
You drop a +0 robe.
You now have 61 gold pieces (gained 14).
You enter the shallow water.
Moving in this stuff is going to be slow.
There is a dry fountain here.
There is a fountain of clear blue water here.
There is a faded altar of an unknown god here.
You cannot tell which god this altar belongs to.
Convert to them anyway?
Lugonu accepts your prayer! Lugonu welcomes you!
You can now depart the Abyss.
You can now bend space around yourself.
There is a dry fountain here.
Magic restored.
You see here 5 stones.
You see here a hobgoblin skeleton.
There is an open door here.
There is a fountain of clear blue water here.
There is a staircase leading out of the dungeon here.
Are you sure you want to leave the Dungeon?
This will make you lose the game!
You have escaped!

.####.#########.####..#
..............#.##....#
..........##....8....[#
.####.###.##.##...##..#
## #.# #.##..##.##...#
#.###.##...#'#..#.#
####..........#'#..#.#
#........##..##⌠##...#
#.######.##..'⌠@⌠'...#
#.# #.##..##⌠##..##
##.# #.###..#'#..###
...# ##.###..#'#....##
# ####
#......##.##....###.# #
#.#...##...##.......#
#........8....#..####
##.#.#####.####..#
#.#.# #.# #..#


There were no monsters in sight!

Vanquished Creatures
  2 ball pythons (D:1)
  A bat (D:1)
  2 endoplasms (D:1)
  A giant cockroach (D:1)
  3 hobgoblins (D:1)
  4 jackals (D:1)
  A kobold (D:1)
  2 frilled lizards (D:1)
  2 rats (D:1)
18 creatures vanquished.

Vanquished Creatures (others)
  2 fungi (D:1)
  A plant (D:1)
3 creatures vanquished.

Grand Total: 21 creatures vanquished

Notes
Turn   | Place    | Note
-------+----------+-------------------------------------------
     0 | D:1      | Heoruswealwe the Deep Elf Conjurer began the quest for the
                  | Orb.
     0 | D:1      | Reached XP level 1. HP: 10/10 MP: 6/6
   180 | D:1      | Reached XP level 2. HP: 15/15 MP: 4/8
   289 | D:1      | Found a faded altar of an unknown god.
   407 | D:1      | Prayed at the altar of an unknown god.
   407 | D:1      | Became a worshipper of Lugonu the Unformed
   407 | D:1      | Reached * piety under Lugonu
   407 | D:1      | Reached ** piety under Lugonu
   450 | D:$      | Got out of the dungeon alive.

Illustrated notes

Levels and vault maps discovered:
D:1:      grunt_arrival_crossed_arrows, layout_loops_ring,
          shapermc_ecumenical_altar_acropolis

Action                   || total
-------------------------++-------
Melee: Mace              ||    13
       Short sword       ||     1
 Cast: Magic Dart        ||    30
Armor: Robe              ||     3
Dodge: Dodged            ||     6
